 Dungeon Crawl Stone Soup version 0.27.1-1-g398f81649c (webtiles) character file.

Game seed: 8889812469978328022

57 DearestLeader the Chiller (level 4, 0/30 HPs)
             Began as a Merfolk Ice Elementalist on Sept 20, 2021.
             Slain by Sigmund (9 damage)
             ... on level 2 of the Dungeon.
             The game lasted 00:04:04 (1886 turns).

DearestLeader the Chiller (MfIE)                    Turns: 1886, Time: 00:04:11

Health: 0/30       AC:  3    Str:  8    XL:     4   Next: 0%
Magic:  3/7        EV: 13    Int: 15    God:
Gold:   77         SH:  0    Dex: 14    Spells: 0/7 levels left

rFire    . . .     SeeInvis .   d - +0 spear
rCold    . . .     Faith    .   (no shield)
rNeg     . . .     Spirit   .   a - +0 robe
rPois    .         Reflect  .   (no helmet)
rElec    .         Harm     .   k - +0 cloak
rCorr    .         Rampage  .   (no gloves)
Will     .....                  (no boots)
Stlth    ++........             (no amulet)
HPRegen  0.10/turn              (no ring)
MPRegen  0.10/turn              (no ring)

@: no status effects
A: (nimble swimmer 2), mertail
a: no special abilities


You were on level 2 of the Dungeon.
You visited 1 branch of the dungeon, and saw 2 of its levels.

You collected 77 gold pieces.

Inventory:

Hand Weapons
 b - a +0 short sword
 d - a +0 spear (weapon)
Armour
 a - a +0 robe (worn)
 h - a +0 leather armour
 k - a +0 cloak (worn)
Magical Staves
 j - a staff of conjuration
Scrolls
 e - a scroll of fear {unknown}
 g - a scroll of identify {unknown}
 l - a scroll of immolation {unknown}
 m - a scroll of enchant weapon {unknown}
 n - a scroll of amnesia {unknown}
 o - a scroll of blinking {unknown}
Potions
 i - a potion of attraction {unknown}


   Skills:
 + Level 1.3 Polearms
 - Level 3.0 Dodging
 - Level 2.1 Stealth
 - Level 2.0 Spellcasting
 * Level 5.7 Ice Magic


You couldn't memorise any spells.
You knew the following spells:

 Your Spells              Type           Power      Damage    Failure   Level
a - Freeze                Ice            72%        1d9       1%          1
b - Frozen Ramparts       Ice            36%        1d5       6%          3
c - Ozocubu's Armour      Ice            18%        N/A       6%          3

Your spell library contained the following spells:

 Spells                   Type           Power      Damage    Failure   Level
 Hailstorm                Conj/Ice       10%        3d5       56%         4


Dungeon Overview and Level Annotations

Branches:
Dungeon (2/15)

Altars:

Annotations:
D:2 Sigmund


Innate Abilities, Weirdness & Mutations

((You are quick and stealthy near water. (Stealth+, EV+, Speed+++)))
Your lower body shifts to a powerful aquatic tail in water.


Message History

Sigmund is moderately wounded.
Sigmund casts a spell at you. The puff of flame hits you!
The heat melts your icy armour.
Reach: d) +0 spear
Press: ? - help, Dir - move target, f/p - Sigmund
Aim: Sigmund, wielding a +0 scythe and wearing a +0 robe (moderately wounded, about 43% to evade your +0 spear)
You reach to attack!
You closely miss Sigmund.
Sigmund is moderately wounded.
Sigmund closely misses you.
Reach: d) +0 spear
Press: ? - help, Dir - move target, f/p - Sigmund
Aim: Sigmund, wielding a +0 scythe and wearing a +0 robe (moderately wounded, about 43% to evade your +0 spear)
You reach to attack!
You hit Sigmund.
Sigmund is heavily wounded.
Sigmund closely misses you.
Reach: d) +0 spear
Press: ? - help, Dir - move target, f/p - Sigmund
Aim: Sigmund, wielding a +0 scythe and wearing a +0 robe (heavily wounded, about 43% to evade your +0 spear)
You reach to attack!
You closely miss Sigmund.
Sigmund is heavily wounded.
Sigmund gestures at you while chanting.
You are confused.
You're too confused to aim your attacks!
Unknown command.
Sigmund hits you from afar with a +0 scythe!
Sigmund barely misses you.
Sigmund hits you from afar with a +0 scythe.
* * * LOW HITPOINT WARNING * * *
It was a potion of brilliance.
You feel clever all of a sudden.
Sigmund screams, "Die, monster!"
Sigmund barely misses you.
It was a potion of cancellation.
Your magical effects are unravelling.
You feel magically purged.
Your icy armour evaporates.
You feel less confused.
You feel a little less clever now.
Sigmund hits you from afar with a +0 scythe!
You die...

# #.# ....###.###
#.........#
#.#.###.#.#
#.#.###.#.#######
...............#
#.#.#<....#####.#
#.........#
###.###@### ..
#.# #@# #'# ...
... ... ^....


You could see Sigmund.

Vanquished Creatures
  A gnoll (D:1)
  A worm (D:2)
  4 bats
  5 endoplasms
  7 goblins
  2 hobgoblins
  2 jackals (D:1)
  A quokka (D:1)
  4 ball pythons (D:1)
  6 kobolds
  11 rats
44 creatures vanquished.

Notes
Turn   | Place    | Note
-------+----------+-------------------------------------------
     0 | D:1      | DearestLeader the Merfolk Ice Elementalist began the quest
                  | for the Orb.
     0 | D:1      | Reached XP level 1. HP: 13/13 MP: 3/3
   304 | D:1      | Reached XP level 2. HP: 16/19 MP: 3/5
   522 | D:1      | Reached skill level 5 in Ice Magic
   560 | D:1      | Reached XP level 3. HP: 24/24 MP: 1/6
   564 | D:1      | Learned a level 3 spell: Frozen Ramparts
  1026 | D:1      | Found a faded altar of an unknown god.
  1609 | D:2      | Reached skill level 1 in Polearms
  1806 | D:2      | Reached XP level 4. HP: 30/30 MP: 7/7
  1814 | D:2      | Learned a level 3 spell: Ozocubu's Armour
  1863 | D:2      | Noticed Sigmund
  1886 | D:2      | Slain by Sigmund

Illustrated notes

Levels and vault maps discovered:
D:1:      onia_arrival_mini_maze_b, layout_basic,
          chequers_ecumenical_altar_island, st_stairs_12,
          chequers_serial_rivers_room_b, minmay_rat_gold_closets
D:2:      kennysheep_the_goblin_king, layout_loops_corners, uniq_sigmund

Skill      XL: |  1  2  3 |
---------------+----------+-----
Dodging        | 3 |  3.0
Ice Magic      | 5 |  5.7
Polearms       | 1 |  1.3
Stealth        | |  2.1
Spellcasting   | |  2.0

Action                   |  1- 3 |  4- 6 || total
-------------------------+-------+-------++-------
Melee: Short sword       |    15 |       ||    15
       Spear             |    33 |    12 ||    45
 Cast: Freeze            |    29 |       ||    29
       Frozen Ramparts   |     3 |     1 ||     4
       Ozocubu's Armour  |       |     1 ||     1
  Use: Potion            |       |     2 ||     2
 Stab: Sleeping          |     9 |       ||     9
Armor: Robe              |     5 |       ||     5
Dodge: Dodged            |    26 |     8 ||    34
